 Dungeon Crawl Stone Soup version 0.30-a0-782-ge64f9170bb (webtiles) character file.

Game seed: 12130186501628995031

2772 112233 the Destroyer (level 9, -4/51 HPs)
             Began as an Octopode Conjurer on Feb 25, 2023.
             Was a Believer of Vehumet.
             Slain by an orc warrior
             ... wielding a +0 war axe
              (10 damage)
             ... on level 7 of the Dungeon.
             The game lasted 00:08:30 (9091 turns).

112233 the Destroyer (Octopode Conjurer)            Turns: 9091, Time: 00:08:30

Health: -4/51      AC:  1    Str:  6    XL:     9   Next: 70%
Magic:  1/17       EV: 17    Int: 25    God:    Vehumet [**....]
Gold:   379        SH:  0    Dex: 16    Spells: 18/22 levels left

rFire   + + .      SeeInvis +    i - +8 whip "Conservator" {drain, rF++}
rCold   . . .      Faith    +    (no shield)
rNeg    + . .      Spirit   .    (helmet restricted)
rPois   .          Reflect  .    k - amulet of faith
rElec   .          Harm     .    m - +6 ring of dexterity
rCorr   .          Rampage  .    u - ring of positive energy
Will    +....                    A - ring of willpower
Stlth   +++                      (no ring)
HPRegen 0.28/turn                (no ring)
MPRegen 0.15/turn                (no ring)
                                 (no ring)
                                 (no ring)

@: slowed, invisible, unable to read, very slow
A: almost no armour, amphibious, 8 rings, camouflage 1, gelatinous body 1,
(nimble swimmer 1), tentacles, see invisible, low MP 1, inability to read after
injury 1
a: Renounce Religion


You were on level 7 of the Dungeon.
You worshipped Vehumet.
Vehumet was pleased with you.
You visited 2 branches of the dungeon, and saw 8 of its levels.

You collected 379 gold pieces.

Inventory:

Hand Weapons
 i - the +8 whip "Conservator" (weapon) {drain, rF++}
   (You found it on level 6 of the Dungeon)

   rF:        It greatly protects you from fire.
 r - a +1 vampiric dagger
Missiles
 q - 2 datura-tipped darts
Magical Staves
 x - a staff of conjuration
 z - a staff of cold
Jewellery
 k - an amulet of faith (around mantle)
 m - a +6 ring of dexterity (left tentacle)
 u - a ring of positive energy (right tentacle)
 A - a ring of willpower (on tentacle)
Wands
 h - a wand of quicksilver (11)
 y - a wand of flame (36)
 B - a wand of roots (8)
Scrolls
 b - 5 scrolls of identify {unknown}
 c - a scroll of magic mapping {unknown}
 d - 3 scrolls of teleportation
 g - a scroll of vulnerability {unknown}
 l - a scroll of brand weapon {unknown}
 n - a scroll of immolation {unknown}
 o - a scroll of enchant armour {unknown}
 s - a scroll of butterflies {unknown}
 v - 2 scrolls of torment {unknown}
 w - a scroll of noise {unknown}
Potions
 a - 2 potions of magic
 e - a potion of brilliance
 j - 3 potions of resistance
 p - a potion of flight {unknown}
 t - a potion of degeneration {unknown}
 C - 2 potions of curing


   Skills:
 + Level 7.7 Dodging
 - Level 3.0 Stealth
 + Level 7.1 Spellcasting
 + Level 8.6 Conjurations


You had 18 spell levels left.
You knew the following spells:

 Your Spells              Type           Power      Damage    Failure   Level
a - Magic Dart            Conj           100%       1d8       1%          1
b - Searing Ray           Conj           100%       2d8       1%          2
c - Kiss of Death         Conj/Necr      100%       2d13      1%          1

Your spell library contained the following spells:

 Spells                   Type           Power      Damage    Failure   Level
 Sandblast                Erth           16%        2d6       7%          1
 Dazzling Flash           Conj/Hex       60%        N/A       3%          3
 Apportation              Tloc           16%        N/A       7%          1
 Fulminant Prism          Conj/Hex       15%        3d10      11%         4
 Iskenderun's Mystic Bla  Conj/Tloc      30%        2d8       11%         4
 Alistair's Intoxication  Tmut/Pois      5%         N/A       88%         5


Dungeon Overview and Level Annotations

Branches:
Dungeon (7/15)             Temple (1/1) D:4

Altars:
Ashenzari
Cheibriados
Dithmenos
Elyvilon
Fedhas
Gozag
Hepliaklqana
Kikubaaqudgha
Makhleb
Nemelex Xobeh
Okawaru
Ru
Sif Muna
Trog
Vehumet
Wu Jian
Xom
Yredelemnul
Zin
The Shining One

Shops:
D:1 [   D:5 [   D:7 [

Annotations:
D:4 exclusion: upstairs


Innate Abilities, Weirdness & Mutations

You cannot wear most types of armour.
You are amphibious.
You can wear up to eight rings at the same time.
Your skin changes colour to match your surroundings (Stealth+).
Your rubbery body absorbs attacks. (AC +1, EV +1)
((You are camouflaged when in or above water. (Stealth+)))
You have tentacles for arms and can constrict up to eight enemies at once.
You have supernaturally acute eyesight. (SInv)
Your magical capacity is low. (-10% MP)
You occasionally lose the ability to read scrolls when taking damage.


Message History

Confirm with . or Enter, or press ? or * to list all spells.
Aiming: Searing Ray (safe; 1% risk of failure)
Press: ? - help, Shift-Dir - straight line, f/p - orc warrior
Aim: an orc warrior, wielding a +0 war axe and wearing a +0 plate armour (severely wounded, 83% to hit)
The searing ray hits the orc warrior but does no damage.
The orc warrior is severely wounded. (Press . to maintain the ray.)
You feel very sick.
The orc warrior hits you with a +0 war axe!
The orc warrior closely misses you.
Unknown command.
The searing ray hits the orc warrior but does no damage.
The orc warrior is severely wounded.
The searing ray hits the kobold brigand!
The kobold brigand is severely wounded.
The searing ray hits the orc!
You kill the orc!
Vehumet accepts your kill.
You feel very sick.
The orc warrior hits you with a +0 war axe!
You feel threatened and lose the ability to read scrolls!
* * * LOW HITPOINT WARNING * * *
Unknown command.
You feel better.
The kobold brigand hits you with a +0 club!
* * * LOW HITPOINT WARNING * * *
The orc warrior completely misses you. The kobold brigand closely misses you.
The orc warrior completely misses you.
Unknown command.
You fade into invisibility!
The kobold brigand barely misses you. The orc warrior barely misses you.
Unknown command.
You feel better.
The kobold brigand hits you with a +0 club.
* * * LOW HITPOINT WARNING * * *
The orc warrior closely misses you.
The kobold brigand hits you with a +0 club!
* * * LOW HITPOINT WARNING * * *
The orc warrior hits you with a +0 war axe!
You die...

........# ........#
..)....#
#.....#...#≈≈ ≈≈...
#.....# ...≈#####≈...
#.....# ..≈#≈≈≈#≈..
#.....# .≈#≈_≈#≈.
#.....#####≈#≈.≈#≈###
....
###.@......≈##.##≈...
....
#Ko......≈≈≈.≈≈≈...
...
#..................
..
#.)......≈≈≈.≈≈≈... #
#).......≈##.##≈...
##+#
.)........≈#≈.≈#≈...
....
...#'######≈#≈_≈#≈...
.... ...#..
#≈#≈≈≈#≈### .... ..
'. #≈#####≈#


You could see an orc warrior (unable to see you) and a kobold brigand (unable to
see you).

Vanquished Creatures
  Grinder (D:4)
  Sigmund (D:5)
  A steam dragon (D:6)
  Edmund (D:5)
  An acid dragon (D:7)
  An orc warrior (D:6)
  2 sky beasts
  2 ice beasts
  A black bear (D:7)
  An ogre (D:5)
  A centaur (D:7)
  2 bullfrogs
  2 necrophages
  2 scorpions
  A wight (D:7)
  2 howler monkeys (D:7)
  3 hounds
  2 orc priests
  3 iron imps (D:3)
  3 jellies
  4 iguanas
  Ijyb (D:5)
  7 orc wizards
  A gnoll (D:1)
  5 adders
  A shadow imp (D:6)
  An ufetubus (D:4)
  2 dart slugs
  3 worms
  26 orcs
  8 ball pythons
  10 endoplasms
  7 giant cockroaches
  6 goblins
  3 hobgoblins (D:1)
  3 jackals (D:1)
  6 quokkas
  7 bats
  3 frilled lizards
  8 kobolds
  10 rats
155 creatures vanquished.

Vanquished Creatures (others)
  A plant (D:2)
1 creature vanquished.

Grand Total: 156 creatures vanquished

Notes
Turn   | Place    | Note
-------+----------+-------------------------------------------
     0 | D:1      | 112233 the Octopode Conjurer began the quest for the Orb.
     0 | D:1      | Reached XP level 1. HP: 11/11 MP: 3/3
   114 | D:1      | Found Ysentu's Armour Boutique.
   283 | D:1      | Reached XP level 2. HP: 17/17 MP: 1/5
   640 | D:1      | Reached XP level 3. HP: 21/21 MP: 0/6
  1607 | D:2      | Reached XP level 4. HP: 27/27 MP: 2/8
  3080 | D:4      | Learned a level 2 spell: Searing Ray
  3091 | D:4      | Reached XP level 5. HP: 31/31 MP: 4/9
  3149 | D:4      | Reached skill level 5 in Conjurations
  3328 | D:4      | Found a staircase to the Ecumenical Temple.
  3378 | Temple   | Entered the Ecumenical Temple
  3642 | D:5      | Entered Level 5 of the Dungeon
  3662 | D:5      | Noticed an ogre
  3668 | D:5      | Killed an ogre
  3669 | D:5      | Reached XP level 6. HP: 36/36 MP: 2/11
  3773 | D:5      | Noticed Sigmund
  3784 | D:5      | Killed Sigmund
  3785 | D:5      | Reached XP level 7. HP: 35/41 MP: 6/13
  4007 | D:5      | Found Beyvuk's Armour Shoppe.
  4045 | D:5      | Noticed Edmund
  4064 | D:4      | Found a shimmering blue altar of Sif Muna.
  4100 | D:4      | Found an ancient bone altar of Kikubaaqudgha.
  4167 | D:4      | Found a radiant altar of Vehumet.
  4177 | D:4      | Became a worshipper of Vehumet
  4445 | D:3      | Reached skill level 6 in Conjurations
  4653 | D:3      | Reached * piety under Vehumet
  4653 | D:3      | Offered knowledge of Kiss of Death by Vehumet.
  4656 | D:3      | Learned a level 1 spell: Kiss of Death
  4999 | D:3      | Reached skill level 5 in Dodging
  5046 | D:3      | Found a burning altar of Makhleb.
  5509 | D:4      | Noticed Grinder
  5513 | D:4      | Gained mutation: Your magical capacity is low. (-10% MP)
                  | [potion of mutation]
  5513 | D:4      | Gained mutation: You occasionally lose the ability to read
                  | scrolls when taking damage. [potion of mutation]
  5513 | D:4      | Gained mutation: You have supernaturally acute eyesight.
                  | (SInv) [potion of mutation]
  5526 | D:4      | Paralysed by Grinder for 3 turns
  5530 | D:4      | Killed Grinder
  5531 | D:4      | Reached skill level 5 in Spellcasting
  5531 | D:4      | Reached XP level 8. HP: 15/46 MP: 4/14
  6282 | D:5      | Noticed Ijyb
  6376 | D:6      | Identified the +8 whip "Conservator" {drain, rF++}
  6828 | D:6      | Reached skill level 7 in Conjurations
  6955 | D:6      | Found a basalt altar of Yredelemnul.
  7485 | D:5      | Killed Edmund
  7560 | D:5      | Reached XP level 9. HP: 39/48 MP: 11/16
  7719 | D:5      | Killed Ijyb
  8575 | D:7      | Found a glowing silver altar of Zin.
  8628 | D:7      | Reached ** piety under Vehumet
  8688 | D:7      | Reached skill level 8 in Conjurations
  8699 | D:7      | Offered knowledge of Sandblast by Vehumet.
  8761 | D:7      | Found an opulent altar of Gozag.
  8786 | D:7      | Found Pohaa's Antique Armour Emporium.
  9051 | D:7      | Found an iron altar of Okawaru.
  9051 | D:7      | Found a hazy altar of Hepliaklqana.
  9091 | D:7      | Slain by an orc warrior

Illustrated notes

Levels and vault maps discovered:
D:1:      grunt_arrival_crossed_arrows, layout_loops_cross, serial_shops, shop,
          ebering_dispersal_statue_hall
D:2:      layout_loops_corners, serial_bayou, serial_bayou_pond_a,
          serial_bayou_shore_b, serial_bayou_pond_a, serial_bayou_shore_b,
          serial_bayou_pond_d, serial_bayou_pond_c, minmay_increasing_density
D:3:      layout_rooms, demons_altar, serial_aquarium, aquarium_bridge_square
          [aquarium_subvault_balcony, aquarium_subvault_balcony,
          aquarium_subvault_bridge, aquarium_subvault_window],
          aquarium_bridge_square [aquarium_subvault_bridge,
          aquarium_subvault_wall, aquarium_subvault_wall,
          aquarium_subvault_window], aquarium_window_fake, aquarium_window_fake,
          aquarium_window_1, aquarium_view_2c, aquarium_pool_corner,
          corexii_hall_statues_i, amethyst_killhole
D:4:      layout_loops_ring, palyth_temple_overflow_mages,
          minmay_temple_entry_grid, dk_noncrumbling_2, uniq_grinder
D:5:      minmay_skewed_foursquare, layout_loops_ring, serial_shops,
          nicolae_shop_trees, uniq_ijyb, uniq_sigmund, uniq_edmund
D:6:      layout_loops_cross, yredelemnul_altar_generic
D:7:      layout_gridville, mainiacjoe_overflow_catwalk,
          mainiacjoe_overflow_24_doors, nicolae_overflow_two_pavilions,
          serial_shops, nicolae_shop_waterfront, minmay_alternating_orb
Temple:   minmay_temple_curvy_loop

Skill      XL: |  1  2  3  4  5  6  7  8  9 |
---------------+----------------------------+-----
Stealth        | 3 |  3.0
Dodging        | 3 4 5 6 7 |  7.7
Spellcasting   | 3 4 5 6 7 |  7.1
Conjurations   | 5 6 7 8 |  8.6

Action                     |  1- 3 |  4- 6 |  7- 9 || total
---------------------------+-------+-------+-------++-------
  Melee: Unarmed           |    15 |       |       ||    15
         Tentacles         |     4 |     5 |    10 ||    19
         Constrict         |     4 |     4 |    11 ||    19
         Dagger            |       |    22 |       ||    22
         Punch             |       |     1 |       ||     1
         Staff             |       |       |    27 ||    27
         Whip              |       |       |    11 ||    11
   Cast: Magic Dart        |    83 |    66 |   151 ||   300
         Searing Ray       |       |     5 |    41 ||    46
         Kiss of Death     |       |       |     3 ||     3
  Evoke: Wand              |       |       |     1 ||     1
    Use: Potion            |       |     3 |    11 ||    14
         Scroll            |       |       |     1 ||     1
   Stab: Sleeping          |       |     3 |     1 ||     4
 Armour: Skin              |     4 |     2 |     6 ||    12
  Dodge: Dodged            |    24 |    21 |    75 ||   120

Table legend: (Time is in decaauts)
 A = Elapsed time spent in this place.
 B = Non-inter-level travel time spent in this place.
 C = Inter-level travel time spent in this place.
 D = Time resting spent in this place.
 E = Time spent auto-exploring this place.
 F = Levels seen in this place.
 G = Mean time per level.
                   A        B        C        D        E       F      G
               +--------+--------+--------+--------+--------+-----+--------+
         Total |   9081 |   8614 |    467 |    855 |   6819 |   8 | 1135.1 |
       Dungeon |   8870 |   8431 |    439 |    855 |   6640 |   7 | 1267.1 |
        Temple |    211 |    183 |     28 |      0 |    179 |   1 |  211.0 |
               +--------+--------+--------+--------+--------+-----+--------+

Top non-repeatable levels by time:
     D:4: 1633 daAuts
     D:2: 1567 daAuts
     D:6: 1313 daAuts
     D:5: 1311 daAuts
     D:1: 1272 daAuts
     D:3: 1190 daAuts
     D:7: 582 daAuts
  Temple: 211 daAuts
